 Dungeon Crawl Stone Soup version 0.19-a0-1490-g5dd3618 (webtiles) character file.

142 epen the Ducker (level 5, -1/28 HPs)
             Began as a Spriggan Monk on Sept 8, 2016.
             Killed by divine providence
             ... invoked by an orc priest
              (9 damage)
             ... on level 3 of the Dungeon.
             The game lasted 00:03:28 (2936 turns).

epen the Ducker (Spriggan Monk)                     Turns: 2936, Time: 00:03:29

Health: -1/28      AC:  2    Str:  9 (10) XL:     5   Next: 4%
Magic:  6/6        EV: 27    Int: 11 (12) God:
Gold:   90         SH:  0    Dex: 22 (24) Spells: 0 memorised, 4 levels left

rFire  . . .     SeeInvis +     a - +0 short sword
rCold  . . .     Gourm    .     b - +0 robe
rNeg   . . .     Faith    .     (shield restricted)
rPois  .         Spirit   .     (helmet restricted)
rElec  .         Dismiss  .     (no cloak)
rCorr  .         Reflect  .     (gloves unavailable)
MR     .....     Harm     .     (boots unavailable)
Stlth  ++++......               (no amulet)
                                (no ring)
                                k - +3 ring of strength

@: agile, very quick
A: unfitting armour, see invisible, herbivore 3, speed 3, slow metabolism 2
a: no special abilities


You were on level 3 of the Dungeon.
You were not hungry.

You visited 1 branch of the dungeon, and saw 3 of its levels.

You collected 90 gold pieces.

Inventory:

Hand Weapons
 a - a +0 short sword (weapon)
Missiles
 h - 4 curare-tipped needles
Armour
 b - a +0 robe (worn)
Jewellery
 k - a +3 ring of strength (left hand)
Scrolls
 d - a scroll of remove curse {unknown}
 g - a scroll of amnesia {unknown}
 l - 2 scrolls of identify {unknown}
 m - a scroll of enchant armour {unknown}
 o - 3 scrolls of recharging {unknown}
Potions
 e - 2 potions of flight
Comestibles
 c - a bread ration
 f - 2 slices of pizza


   Skills:
 + Level 3.0 Fighting
 * Level 4.8 Short Blades
 + Level 0.8 Throwing
 + Level 5.1 Dodging
 + Level 4.2 Stealth


You had 4 spell levels left.
You didn't know any spells.

Dungeon Overview and Level Annotations

Branches:
Dungeon (3/15)

Altars:
Ashenzari
Cheibriados
Makhleb
Trog


Innate Abilities, Weirdness & Mutations

You are tiny and cannot use many weapons and most armour.
You have supernaturally acute eyesight. (SInv)
You are a herbivore.
You cover ground extremely quickly.
You need consume almost no food.


Message History

Beogh smites you!
You hit the orc.
The orc is heavily wounded.
The orc barely misses you.
The orc priest calls upon Beogh to heal the orc.
The orc's wounds heal themselves!
The orc wizard gestures at you while chanting.
The magic dart hits you!
* * * LOW HITPOINT WARNING * * *
It was a potion of degeneration.
There was something very wrong with that liquid.
You feel weakened.
You feel dopey.
You feel clumsy. The orc misses you. The orc priest closely misses you.
It was a potion of agility.
You feel agile all of a sudden.
The orc wizard hits you but does no damage.
The orc barely misses you. The orc wizard barely misses you.
The orc priest mumbles some strange prayers to Beogh against you.
Beogh smites you!
You die...

#.#
#.#
#.#
#.#
#.#
#.#
#.#
#o#
#@#
#o#
#o#
#.#
#.#
#.#
..#
###


You could see an orc priest, an orc wizard and an orc.

Vanquished Creatures
  An orc wizard (D:3)
  3 adders (D:2)
  4 worms (D:2)
  A dart slug (D:2)
  3 giant geckos
  16 bats
  4 giant cockroaches
  8 hobgoblins
  2 quokkas (D:2)
  2 ball pythons
  4 giant newts
  7 goblins
  3 kobolds
  16 rats
74 creatures vanquished.

Notes
Turn   | Place    | Note
-------+----------+-------------------------------------------
     0 | D:1      | epen the Spriggan Monk began the quest for the Orb.
     0 | D:1      | Reached XP level 1. HP: 11/11 MP: 2/2
   179 | D:1      | Reached XP level 2. HP: 9/16 MP: 3/3
   987 | D:2      | Reached XP level 3. HP: 16/19 MP: 4/4
  1017 | D:2      | Found a burning altar of Makhleb.
  1123 | D:2      | Found a snail-covered altar of Cheibriados.
  1186 | D:2      | Found a shattered altar of Ashenzari.
  1519 | D:2      | Reached XP level 4. HP: 20/23 MP: 5/5
  1803 | D:2      | Noticed a moth of wrath
  1819 | D:2      | Found a bloodstained altar of Trog.
  2929 | D:3      | Reached skill level 5 in Dodging
  2929 | D:3      | Reached XP level 5. HP: 28/28 MP: 6/6
  2936 | D:3      | Killed from afar by an orc priest

Vault maps used:
D:1:      matt_arrival_diagonals, kennysheep_boxes
D:2:      overflow_temple_1_default, bloody_makhleb, kennysheep_slug_shrine,
          tgw_trog, grunt_ministairs_7
D:3:      nicolae_overflow_hidden_temple, kennysheep_flooded_box

Skill      XL: |  1  2  3  4 |
---------------+-------------+-----
Short Blades   | 4 |  4.8
Stealth        | 4 |  4.2
Fighting       | 3 |  3.0
Dodging        | 5 |  5.1
Throwing       | |  0.8

Action                   |  1- 3 |  4- 6 || total
-------------------------+-------+-------++-------
Melee: Short sword       |   156 |   111 ||   267
  Use: Potion            |       |     4 ||     4
 Stab: Sleeping          |     8 |    10 ||    18
       Distracted        |       |     1 ||     1
Armor: Robe              |    17 |     4 ||    21
Dodge: Dodged            |   158 |    68 ||   226
